TOP OF THE 1ST |
Clemson Tigers batting - Pitching for Tennessee Volunteers : LHP Tony Féliz
|
Pitching: LHP Tony Féliz
|
|
Batting: LHB Dan Dukes
|
0-0: Foul Ball, location: 2F 0-1: Ball 1-1: Ball 2-1: Fly out, F7 (Flyball, 78S)
|
Batting: RHB Blair Charnock
|
0-0: Foul Ball, location: 2F 0-1: Ball 1-1: Ball 2-1: Called Strike 2-2: Foul Ball, location: 2F 2-2: Ground out 5-3 (Groundball, 56)
|
Batting: SHB Ken Hall
|
0-0: Ball 1-0: Ball 2-0: Foul Ball, location: 2F 2-1: Ball 3-1: Swinging Strike 3-2: Base on Balls
|
Batting: RHB Garth O'Flahavan
|
0-0: Ball 1-0: Called Strike 1-1: Ball 2-1: Ball 3-1: Called Strike 3-2: Fly out, F2 (Popup, 25F)
|
Top of the 1st over - 0 runs, 0 hits, 0 errors, 1 left on base; Clemson 0 - Tennessee 0 |
BOTTOM OF THE 1ST |
Tennessee Volunteers batting - Pitching for Clemson Tigers : RHP Tim Whitacre
|
Pitching: RHP Tim Whitacre
|
|
Batting: RHB Jim Mak
|
0-0: Ball 1-0: Swinging Strike 1-1: Ball 2-1: Ball 3-1: Foul Ball, location: 2F 3-2: Ground out 1-3 (Groundball, P)
|
Batting: RHB Silas Austin
|
0-0: Ball 1-0: Swinging Strike 1-1: Ground out 6-3 (Groundball, 56)
|
Batting: LHB Carl Coffman
|
0-0: Called Strike 0-1: Swinging Strike 0-2: Foul Ball, location: 2F 0-2: Strikes out swinging
|
Bottom of the 1st over - 0 runs, 0 hits, 0 errors, 0 left on base; Clemson 0 - Tennessee 0 |
TOP OF THE 2ND |
Clemson Tigers batting - Pitching for Tennessee Volunteers : LHP Tony Féliz
|
Batting: RHB Brian Childers
|
0-0: Foul Ball, location: 2F 0-1: Ball 1-1: Fly out, F8 (Flyball, 8RM)
|
Batting: LHB Jack Heinsohn
|
0-0: Ball 1-0: Ball 2-0: Ball 3-0: Called Strike 3-1: Fly out, F8 (Line Drive, 8LM)
|
Batting: SHB Brent Boswell
|
0-0: Ball 1-0: Called Strike 1-1: Foul Ball, location: 2F 1-2: Strikes out looking
|
Top of the 2nd over - 0 runs, 0 hits, 0 errors, 0 left on base; Clemson 0 - Tennessee 0 |
BOTTOM OF THE 2ND |
Tennessee Volunteers batting - Pitching for Clemson Tigers : RHP Tim Whitacre
|
Batting: RHB Rodney Walker
|
0-0: Fly out, F5 (Line Drive, 56)
|
Batting: RHB Zak Hall
|
0-0: Ball 1-0: Swinging Strike 1-1: Fly out, F3 (Popup, 3SF)
|
Batting: RHB Ronnie Wilson
|
0-0: Called Strike 0-1: Swinging Strike 0-2: Foul Ball, location: 2F 0-2: DOUBLE (Flyball, 78D)
|
Batting: LHB Joe Bourland
|
0-0: Ball 1-0: Foul Ball, location: 2F 1-1: Ball Passed Ball! Ronnie Wilson to third 2-1: Foul Ball, location: 2F 2-2: Foul Ball, location: 2F 2-2: Foul Ball, location: 2F 2-2: Ball 3-2: Fly out, F3 (Line Drive, 34)
|
Bottom of the 2nd over - 0 runs, 1 hit, 0 errors, 1 left on base; Clemson 0 - Tennessee 0 |
TOP OF THE 3RD |
Clemson Tigers batting - Pitching for Tennessee Volunteers : LHP Tony Féliz
|
Batting: RHB Ricardo Medellín
|
0-0: Called Strike 0-1: Foul Ball, location: 2F 0-2: Ball 1-2: Ball 2-2: Ball 3-2: Base on Balls
|
Batting: SHB George Wells
|
0-0: Ball Wild Pitch! Ricardo Medellín to second 1-0: Foul Ball, location: 2F 1-1: Foul Ball, location: 2F 1-2: Fly out, F7 (Flyball, 7)
|
Batting: LHB Dan Dukes
|
0-0: Called Strike 0-1: Called Strike 0-2: SINGLE (Line Drive, 4M) Ricardo Medellín to third
|
Batting: RHB Blair Charnock
|
0-0: Foul Ball, location: 2F 0-1: Ball 1-1: Fly out, F8 (Flyball, 8RD) Runner from 3rd tags up, SCORES, throw made
|
Batting: SHB Ken Hall
|
0-0: Ball Wild Pitch! Dan Dukes to second 1-0: Swinging Strike 1-1: Foul Ball, location: 2F 1-2: Foul Ball, location: 2F 1-2: Ball 2-2: Foul Ball, location: 2F 2-2: Strikes out swinging
|
Top of the 3rd over - 1 run, 1 hit, 0 errors, 1 left on base; Clemson 1 - Tennessee 0 |
BOTTOM OF THE 3RD |
Tennessee Volunteers batting - Pitching for Clemson Tigers : RHP Tim Whitacre
|
Batting: RHB Chris Harper
|
0-0: Foul Ball, location: 2F 0-1: Ball 1-1: Called Strike 1-2: Strikes out swinging
|
Batting: RHB John Pickup
|
0-0: Called Strike 0-1: Fly out, F6 (Popup, 6MS)
|
Batting: RHB Jim Mak
|
0-0: Ground out 4-3 (Groundball, 4)
|
Bottom of the 3rd over - 0 runs, 0 hits, 0 errors, 0 left on base; Clemson 1 - Tennessee 0 |
TOP OF THE 4TH |
Clemson Tigers batting - Pitching for Tennessee Volunteers : LHP Tony Féliz
|
Batting: RHB Garth O'Flahavan
|
0-0: Called Strike 0-1: DOUBLE (Line Drive, 7D)
|
Batting: RHB Brian Childers
|
0-0: Ball 1-0: Foul Ball, location: 2F 1-1: TRIPLE (Flyball, 8RXD) Garth O'Flahavan scores
|
Batting: LHB Jack Heinsohn
|
0-0: Ball 1-0: Foul Ball, location: 2F 1-1: Foul Ball, location: 2F 1-2: Ball 2-2: Foul Ball, location: 2F 2-2: Ball 3-2: SINGLE (Groundball, 34D) Brian Childers scores
|
Batting: SHB Brent Boswell
|
0-0: Called Strike 0-1: Called Strike 0-2: Ball 1-2: Grounds into double play, 4-6-3 (Groundball, 4)
|
Batting: RHB Ricardo Medellín
|
0-0: Called Strike 0-1: DOUBLE (Line Drive, 78D)
|
Batting: SHB George Wells
|
0-0: Called Strike 0-1: Ball 1-1: Ball 2-1: Ball 3-1: Fly out, F8 (Flyball, 8RM)
|
Top of the 4th over - 2 runs, 4 hits, 0 errors, 1 left on base; Clemson 3 - Tennessee 0 |
BOTTOM OF THE 4TH |
Tennessee Volunteers batting - Pitching for Clemson Tigers : RHP Tim Whitacre
|
Batting: RHB Silas Austin
|
0-0: Called Strike 0-1: Ground out U3 (Groundball, 34)
|
Batting: LHB Carl Coffman
|
0-0: SINGLE (Flyball, 7)
|
Batting: RHB Rodney Walker
|
0-0: DOUBLE (Line Drive, 78D) Carl Coffman to third
|
Batting: RHB Zak Hall
|
0-0: Ball 1-0: Ball 2-0: Foul Ball, location: 2F 2-1: Swinging Strike 2-2: Ball 3-2: Fly out, F8 (Flyball, 8LM) Runner from 3rd tags up, SCORES, throw made
|
Batting: RHB Ronnie Wilson
|
0-0: SINGLE (Groundball, 6MD) Rodney Walker to third Runner from 3rd tries for Home, SAFE, no throw
|
Batting: LHB Joe Bourland
|
0-0: Ball 1-0: Ball 2-0: Called Strike 2-1: Swinging Strike 2-2: Strikes out swinging
|
Bottom of the 4th over - 2 runs, 3 hits, 0 errors, 1 left on base; Clemson 3 - Tennessee 2 |
TOP OF THE 5TH |
Clemson Tigers batting - Pitching for Tennessee Volunteers : LHP Tony Féliz
|
Pitching: RHP Dave Pierce
|
|
Batting: LHB Dan Dukes
|
0-0: Ball 1-0: Called Strike 1-1: Ground out U3 (Groundball, 34S)
|
Batting: RHB Blair Charnock
|
0-0: Called Strike 0-1: Ball 1-1: Swinging Strike 1-2: Strikes out swinging
|
Batting: SHB Ken Hall
|
0-0: Fly out, F6 (Popup, 6S)
|
Top of the 5th over - 0 runs, 0 hits, 0 errors, 0 left on base; Clemson 3 - Tennessee 2 |
BOTTOM OF THE 5TH |
Tennessee Volunteers batting - Pitching for Clemson Tigers : RHP Tim Whitacre
|
Batting: RHB Chris Harper
|
0-0: Called Strike 0-1: Called Strike 0-2: Strikes out swinging
|
Batting: RHB John Pickup
|
0-0: Ball 1-0: Ball 2-0: Called Strike 2-1: Foul Ball, location: 2F 2-2: Strikes out swinging
|
Batting: RHB Jim Mak
|
0-0: Called Strike 0-1: Swinging Strike 0-2: Strikes out swinging
|
Bottom of the 5th over - 0 runs, 0 hits, 0 errors, 0 left on base; Clemson 3 - Tennessee 2 |
TOP OF THE 6TH |
Clemson Tigers batting - Pitching for Tennessee Volunteers : RHP Dave Pierce
|
Batting: RHB Garth O'Flahavan
|
0-0: Called Strike 0-1: Swinging Strike 0-2: Foul Ball, location: 2F 0-2: Strikes out swinging
|
Batting: RHB Brian Childers
|
0-0: Ball 1-0: Foul Ball, location: 2F 1-1: Swinging Strike 1-2: Foul Ball, location: 2F 1-2: Ball 2-2: Foul Ball, location: 2F 2-2: Strikes out looking
|
Batting: LHB Jack Heinsohn
|
0-0: Called Strike 0-1: Fly out, F8 (Flyball, 8LD)
|
Top of the 6th over - 0 runs, 0 hits, 0 errors, 0 left on base; Clemson 3 - Tennessee 2 |
BOTTOM OF THE 6TH |
Tennessee Volunteers batting - Pitching for Clemson Tigers : RHP Tim Whitacre
|
Batting: RHB Silas Austin
|
0-0: Called Strike 0-1: Ball 1-1: Ball 2-1: Foul Ball, location: 2F 2-2: Ball 3-2: Ground out 6-3 (Groundball, 56)
|
Batting: LHB Carl Coffman
|
0-0: Ball 1-0: Ball 2-0: SOLO HOME RUN (Flyball, 9D), Distance : 356 ft
|
Batting: RHB Rodney Walker
|
0-0: Called Strike 0-1: Ball 1-1: Ball 2-1: Fly out, F7 (Line Drive, 7)
|
Batting: RHB Zak Hall
|
0-0: Ground out 5-3 (Groundball, 56)
|
Bottom of the 6th over - 1 run, 1 hit, 0 errors, 0 left on base; Clemson 3 - Tennessee 3 |
TOP OF THE 7TH |
Clemson Tigers batting - Pitching for Tennessee Volunteers : RHP Dave Pierce
|
Pinch Hitting: SHB Michael Jones
|
0-0: Ball 1-0: Ball 2-0: Called Strike 2-1: Called Strike 2-2: Ball 3-2: Foul Ball, location: 2F 3-2: Fly out, F8 (Line Drive, 8LM)
|
Batting: RHB Ricardo Medellín
|
0-0: Called Strike 0-1: Ball 1-1: Foul Ball, location: 2F 1-2: Foul Ball, location: 2F 1-2: Foul Ball, location: 2F 1-2: SINGLE (Groundball, 56D)
|
Batting: SHB George Wells
|
0-0: Fly out, F8 (Flyball, 8LM)
|
Batting: LHB Dan Dukes
|
0-0: Swinging Strike 0-1: Ball 1-1: Ground out 4-3 (Groundball, 4)
|
Top of the 7th over - 0 runs, 1 hit, 0 errors, 1 left on base; Clemson 3 - Tennessee 3 |
BOTTOM OF THE 7TH |
Tennessee Volunteers batting - Pitching for Clemson Tigers : RHP Tim Whitacre
|
Now at 3B: Michael Jones
|
|
Batting: RHB Ronnie Wilson
|
0-0: Called Strike 0-1: Ball 1-1: Swinging Strike 1-2: Strikes out swinging
|
Pitching: LHP Alan Nelson
|
|
Pinch Hitting: RHB Francisco Martínez
|
0-0: Called Strike 0-1: Ball 1-1: Swinging Strike 1-2: Strikes out looking
|
Pitching: RHP Ray Holmes
|
|
Batting: RHB Chris Harper
|
0-0: Ball 1-0: Ball 2-0: Foul Ball, location: 2F 2-1: Ball 3-1: DOUBLE (Flyball, 89D)
|
Pinch Hitting: RHB Lorne McClain
|
0-0: Called Strike 0-1: DOUBLE (Line Drive, 9LM) Chris Harper scores
|
Batting: RHB Jim Mak
|
0-0: Swinging Strike 0-1: Ground out 3-1 (Groundball, 34)
|
Bottom of the 7th over - 1 run, 2 hits, 0 errors, 1 left on base; Clemson 3 - Tennessee 4 |
TOP OF THE 8TH |
Clemson Tigers batting - Pitching for Tennessee Volunteers : RHP Dave Pierce
|
Now at 2B: Francisco Martínez
|
|
Now in LF: Trent Gómez
|
|
Batting: RHB Blair Charnock
|
0-0: Ball 1-0: Ball 2-0: Ball 3-0: Base on Balls
|
Pitching: RHP Ramón Silva
|
|
Batting: SHB Ken Hall
|
0-0: Called Strike 0-1: Swinging Strike 0-2: Strikes out swinging
|
Batting: RHB Garth O'Flahavan
|
0-0: Grounds into double play, 4-6-3 (Groundball, 34)
|
Top of the 8th over - 0 runs, 0 hits, 0 errors, 0 left on base; Clemson 3 - Tennessee 4 |
BOTTOM OF THE 8TH |
Tennessee Volunteers batting - Pitching for Clemson Tigers : RHP Ray Holmes
|
Batting: RHB Silas Austin
|
0-0: Called Strike 0-1: Swinging Strike 0-2: Ball 1-2: Foul Ball, location: 2F 1-2: Ball 2-2: Strikes out swinging
|
Batting: LHB Carl Coffman
|
0-0: Ball 1-0: Ground out U3 (Groundball, 34)
|
Batting: RHB Rodney Walker
|
0-0: Ball 1-0: Ground out 6-3 (Groundball, 6)
|
Bottom of the 8th over - 0 runs, 0 hits, 0 errors, 0 left on base; Clemson 3 - Tennessee 4 |
TOP OF THE 9TH |
Clemson Tigers batting - Pitching for Tennessee Volunteers : RHP Ramón Silva
|
Pitching: RHP John Lowe
|
|
Now at 1B: Joe Mobley
|
|
Batting: RHB Brian Childers
|
0-0: SOLO HOME RUN (Flyball, 89XD), Distance : 382 ft
|
Batting: LHB Jack Heinsohn
|
0-0: Ball 1-0: Called Strike 1-1: Ball 2-1: Swinging Strike 2-2: Ball 3-2: Fly out, F9 (Flyball, 89S)
|
Batting: SHB Michael Jones
|
0-0: Called Strike 0-1: Fly out, F9 (Flyball, 9LSF)
|
Pinch Hitting: RHB Tommy Williams
|
0-0: Ball 1-0: Foul Ball, location: 2F 1-1: Foul Ball, location: 2F 1-2: Ball 2-2: Ball 3-2: Foul Ball, location: 2F 3-2: Foul Ball, location: 2F 3-2: Strikes out swinging
|
Top of the 9th over - 1 run, 1 hit, 0 errors, 0 left on base; Clemson 4 - Tennessee 4 |
BOTTOM OF THE 9TH |
Tennessee Volunteers batting - Pitching for Clemson Tigers : RHP Ray Holmes
|
Pitching: LHP Manuel Rodríguez
|
|
Now at 2B: Tommy Williams
|
|
Batting: RHB Zak Hall
|
0-0: Ball 1-0: Ball 2-0: Ball 3-0: Base on Balls
|
Batting: RHB Ronnie Wilson
|
0-0: Grounds into double play, 6-4-3 (Groundball, 6)
|
Batting: RHB Francisco Martínez
|
0-0: Swinging Strike 0-1: Ground out 4-3 (Groundball, 4)
|
Bottom of the 9th over - 0 runs, 0 hits, 0 errors, 0 left on base; Clemson 4 - Tennessee 4 |
TOP OF THE 10TH |
Clemson Tigers batting - Pitching for Tennessee Volunteers : RHP John Lowe
|
Batting: SHB George Wells
|
0-0: Foul Ball, location: 2F 0-1: Swinging Strike 0-2: Strikes out swinging
|
Batting: LHB Dan Dukes
|
0-0: Called Strike 0-1: Ball 1-1: Ball 2-1: Ball 3-1: Ground out 6-3 (Groundball, 6)
|
Batting: RHB Blair Charnock
|
0-0: Ball 1-0: SINGLE (Groundball, 4MD)
|
Batting: SHB Ken Hall
|
0-0: Ball 1-0: Ball 2-0: Swinging Strike 2-1: Foul Ball, location: 2F 2-2: Ball 3-2: Foul Ball, location: 2F 3-2: TRIPLE (Flyball, 9D) Blair Charnock scores
|
Batting: RHB Garth O'Flahavan
|
0-0: Called Strike 0-1: Ball 1-1: Ball 2-1: Swinging Strike 2-2: Foul Ball, location: 2F 2-2: Strikes out swinging
|
Top of the 10th over - 1 run, 2 hits, 0 errors, 1 left on base; Clemson 5 - Tennessee 4 |
BOTTOM OF THE 10TH |
Tennessee Volunteers batting - Pitching for Clemson Tigers : LHP Manuel Rodríguez
|
Now in RF: Zach O'Kelly
|
|
Batting: RHB Chris Harper
|
0-0: Foul Ball, location: 2F 0-1: Ball 1-1: Ball 2-1: SINGLE (Line Drive, 7LM)
|
Batting: SHB Trent Gómez
|
0-0: Called Strike 0-1: Foul Ball, location: 2F 0-2: Ball 1-2: Ball 2-2: Ball 3-2: Foul Ball, location: 2F 3-2: Foul Ball, location: 2F 3-2: Strikes out swinging
|
Batting: RHB Jim Mak
|
0-0: Fly out, F6 (Popup, 6MD)
|
Batting: LHB Joe Mobley
|
0-0: Ground out 4-3 (Groundball, 34S)
|
Bottom of the 10th over - 0 runs, 1 hit, 0 errors, 1 left on base; Clemson 5 - Tennessee 4 |
|